[Event "*** Titled Tuesday Blitz"]
[Site "Chess.com"]
[Date "2020.04.28"]
[Round "3"]
[White "Vice64"]
[Black "ViktoriyaTarasova"]
[Result "1-0"]
[WhiteElo "2615"]
[BlackElo "2318"]
[TimeControl "180+1"]
[EndTime "10:28:33 PDT"]
[Termination "Vice64 won by resignation"]

1. e4 c5 2. Nf3 d6 3. Bb5+ Nd7 4.
c3 a6 5. Ba4 b5 6. Bc2 e5 7.
O-O Ngf6 8. d4 Be7 9. a4 Bb7 10. Qe2 Qb6 11. axb5 axb5 12. Rxa8+ Bxa8 13. Na3 b4 14. Nc4 Qc7 15. dxe5 dxe5 16. Bg5 O-O 17. Nh4 bxc3 18.
bxc3 Re8 19. Nf5 Bf8 20. Qf3 Qc6 21. Re1 h6 22. Bh4 g6 23. Bxf6 Nxf6 24. Nfd6 Bxd6 25. Qxf6 Bc7 26. Qh4 Kg7 27. Ne3 Qe6 28. Rd1 Bc6 29. h3 Qf6 30. Qg3 Qf4 31. Qxf4 exf4 32. Nd5 Bxd5 33.
exd5 Bd6 34. Bd3 Rb8 35. Bc4 Kf6 36. Ra1 Kg7 37. Ra6 Kf6 38. Rxd6+ Ke5 39. Rc6 Rb1+ 40. Kh2 Rc1 41. d6 Rxc3 42. d7 1-0

[Event "*** Titled Tuesday Blitz"]
[Site "Chess.com"]
[Date "2020.04.28"]
[Round "3"]
[White "momojunkai"]
[Black "INLOVEWITHF"]
[Result "0-1"]
[WhiteElo "2285"]
[BlackElo "2533"]
[TimeControl "180+1"]
[EndTime "10:28:34 PDT"]
[Termination "INLOVEWITHF won by resignation"]

1. d4 Nf6 2. Bg5 d5 3. Bxf6 exf6 4. e3 c6 5. c4 dxc4 6. Bxc4 f5 7. Nf3 Nd7 8. O-O Nf6 9. Ne5 Be6 10. Bxe6 fxe6 11.
Qb3 Qc8 12. Nd2 Bd6 13. Ndc4 Bb8 14. Qa3 Qd8 15. f3 Qe7 16. Qxe7+ Kxe7 17. Na5 Bxe5 18.
dxe5 Nd5 19. Nxb7 Rab8 20. Nd6 Rxb2 21. e4 Ne3 22. Rf2 Rhb8 23. Re1 Rxf2 24. Kxf2 f4 25.
g3 g5 26. gxf4 gxf4 27. Rg1 Rb2+ 28. Ke1 Rb1+ 29. Kf2 Nd1+ 30. Kg2 Ne3+ 31. Kf2 Rxg1 32. Kxg1 c5 33. Nc8+ Kd7 34. Nxa7 c4 35. Nb5 Kc6 36.
Nc3 Kc5 37. a4 Kb4 38. Kf2 Kxc3 39. a5 Nd1+ 40. Ke1 Nb2 41. a6 Na4 42. a7 Nb6 43.
Kd1 Kb2 0-1

[Event "*** Titled Tuesday Blitz"]
[Site "Chess.com"]
[Date "2020.04.28"]
[Round "3"]
[White "AminMolaei"]
[Black "Funkmaus"]
[Result "1-0"]
[WhiteElo "2502"]
[BlackElo "2202"]
[TimeControl "180+1"]
[EndTime "10:28:34 PDT"]
[Termination "AminMolaei won by resignation"]

1. d4 d5 2. c4 c6 3. cxd5 cxd5 4. Bf4 Nf6 5. e3 Nc6 6. Nc3 Bf5 7. Qb3 Na5 8. Qa4+ Bd7 9. Bb5 e6 10. Bxd7+ Nxd7 11. Nb5 Rc8 12. b3 a6 13. Nd6+ Bxd6 14. Bxd6 Qb6 15.
Ba3 Qb5 16. Qxb5 axb5 17. Ne2 f6 18. Kd2 Kf7 19. Nc3 Ra8 20. Nxb5 Nb6 21. Rhc1 Nbc4+ 22. bxc4 Nxc4+ 23. Rxc4 dxc4 24. Kc3 Ra4 25. Bb4 Rha8 26. a3 e5 27. d5 f5 28. Nd6+ Kf6 29. Nxb7 Rb8 30.
Nc5 Rbxb4 31. Rd1 Rb5 32. Nxa4 1-0

[Event "*** Titled Tuesday Blitz"]
[Site "Chess.com"]
[Date "2020.04.28"]
[Round "3"]
[White "Tashik"]
[Black "dzhumagaliev"]
[Result "1-0"]
[WhiteElo "2549"]
[BlackElo "2741"]
[TimeControl "180+1"]
[EndTime "10:28:35 PDT"]
[Termination "Tashik won by resignation"]

1. c4 c5 2. Nf3 Nc6 3. d4 cxd4 4. Nxd4 Nf6 5. Nc3 e6 6. g3 d5 7. cxd5 Nxd5 8. Nxc6 bxc6 9. Bg2 Be7 10. O-O O-O 11.
Bd2 Rb8 12. Qc2 Ba6 13. Rfd1 Qb6 14. Rab1 Nb4 15. Qb3 c5 16. a3 Nc6 17. Qxb6 Rxb6 18. Na4 Nd4 19. Nxb6 axb6 20. e3 Nb3 21. Bc3 c4 22.
Rd7 Bc5 23. Rbd1 Bb5 24. Rd8 f6 25. Rxf8+ Kxf8 26. Rd8+ Ke7 27. Rb8 Bd7 28. Bf1 b5 29. a4 Bd6 30. Rb6 Bc5 31. Rb7 bxa4 32. Bxc4 Kd6 33.
Bxb3 axb3 34. Rxb3 Bc6 35. Rb8 Ba7 36. Rg8 g6 37.
Rg7 Bb6 38. Bxf6 1-0

[Event "*** Titled Tuesday Blitz"]
[Site "Chess.com"]
[Date "2020.04.28"]
[Round "3"]
[White "temus_galaktionov"]
[Black "Sadykov_Ramil"]
[Result "1-0"]
[WhiteElo "2757"]
[BlackElo "2531"]
[TimeControl "180+1"]
[EndTime "10:28:35 PDT"]
[Termination "temus_galaktionov won by resignation"]

1. d4 d5 2. Nf3 Nf6 3. c4 e6 4.
Nc3 Be7 5. Bf4 O-O 6. e3 b6 7. Bd3 dxc4 8. Bxc4 Bb7 9. O-O a6 10. Qe2 b5 11. Bb3 Nbd7 12. Rfd1 Rc8 13. h3 c5 14. dxc5 Bxc5 15. Bd6 Bxd6 16. Rxd6 Qe7 17. Rad1 Nc5 18. Ne5 Nd5 19. Nxd5 exd5 20. Bxd5 Qxd6 21. Bxf7+ Rxf7 22. Rxd6 Re7 23. Nd3 Ne4 24. Rd4 h6 25. Qg4 Rf8 26. Nf4 Nf6 27. Qg3 Be4 28. Ng6 Bxg6 29. Qxg6 Rc8 30. Qf5 Rc6 31. Rd8+ Kf7 32. g4 g6 33.
Qd3 Kg7 34. Rd6 1-0

[Event "*** Titled Tuesday Blitz"]
[Site "Chess.com"]
[Date "2020.04.28"]
[Round "3"]
[White "Vespasian23"]
[Black "Karacsonyi_Gellert"]
[Result "1-0"]
[WhiteElo "2278"]
[BlackElo "2447"]
[TimeControl "180+1"]
[EndTime "10:28:35 PDT"]
[Termination "Vespasian23 won by resignation"]

1. e4 c5 2. Nf3 Nc6 3. Bb5 g6 4. Bxc6 dxc6 5. O-O Bg7 6. h3 Nf6 7. d3 Nd7 8. Nc3 e5 9. Be3 Qe7 10. a3 Nf8 11. Na4 Ne6 12. Qd2 O-O 13. b4 b6 14. bxc5 bxc5 15. Qc3 Nd4 16. Bxd4 cxd4 17. Qc5 Qxc5 18. Nxc5 f5 19. Rfe1 fxe4 20. Nxe4 Bxh3 21. Neg5 Bf5 22. Nxe5 h6 23. Ngf3 c5 24. Nh4 g5 25.
Nxf5 Rxf5 26. Nc4 Raf8 27. Re2 g4 28. Rb1 h5 29. g3 h4 30. Nd6 Rf3 31. gxh4 Bf6 32.
Ne4 Bxh4 33. Rb5 g3 34. fxg3 Bxg3 35. Nxg3 Rxg3+ 36. Rg2 Rxg2+ 37. Kxg2 Rf5 38. Ra5 Kf7 39. Rxa7+ Ke6 40. Rh7 Rf8 41. Rh1 Kd6 42. Ra1 c4 43. dxc4 Kc5 44. Rf1 Kxc4 45. Rxf8 1-0

[Event "*** Titled Tuesday Blitz"]
[Site "Chess.com"]
[Date "2020.04.28"]
[Round "3"]
[White "Tynano"]
[Black "Schachmalanders"]
[Result "1-0"]
[WhiteElo "2150"]
[BlackElo "2321"]
[TimeControl "180+1"]
[EndTime "10:28:35 PDT"]
[Termination "Tynano won by checkmate"]

1. e4 c5 2. Nf3 d6 3. d4 cxd4 4.
Nxd4 Nf6 5. Nc3 a6 6. Bg5 e6 7. f4 h6 8. Bh4 Qb6 9. Qd2 Be7 10. Bf2 Qxb2 11. Rb1 Qa3 12. Be2 O-O 13. O-O Nc6 14. Nxc6 bxc6 15. Rb3 Qa5 16. Bb6 Nxe4 17. Nxe4 Qxd2 18.
Nxd2 c5 19. Bf3 d5 20. c4 Bb7 21. Bc7 Bc6 22. Rb6 Ba4 23. cxd5 exd5 24. Bxd5 Rac8 25.
Be5 Bb5 26. Bc4 Bd8 27. Rb7 Bc6 28. Ra7 Ba5 29. Nb3 Bb4 30. Bd6 Rfd8 31. Bxf7+ Kh8 32. Be5 Ra8 33. Re7 Rd7 34. Rxd7 Bxd7 35. Bc4 a5 36. Rd1 Bg4 37. Rd6 a4 38. Rg6 axb3 39. Rxg7 bxa2 40. Re7# 1-0

[Event "*** Titled Tuesday Blitz"]
[Site "Chess.com"]
[Date "2020.04.28"]
[Round "3"]
[White "Kosche007"]
[Black "jucAxx"]
[Result "0-1"]
[WhiteElo "2301"]
[BlackElo "2101"]
[TimeControl "180+1"]
[EndTime "10:28:35 PDT"]
[Termination "jucAxx won by checkmate"]

1. e4 e6 2. d4 d5 3. Nd2 c5 4.
Ngf3 Nf6 5. exd5 exd5 6. Bb5+ Bd7 7. Bxd7+ Nbxd7 8. O-O Be7 9. dxc5 Nxc5 10. Nb3 Nce4 11. Nfd4 Qd7 12. Qf3 O-O 13. Nf5 Bd8 14. Be3 Qb5 15. a4 Qb4 16. Rfd1 Qc4 17. Nbd4 Qb4 18. Nb3 Qc4 19. Nbd4 Re8 20. c3 Bb6 21. a5 Bc7 22. h3 a6 23. Bf4 Qc5 24. Bxc7 Qxc7 25. g4 Ng5 26. Qg2 Ne6 27. h4 Nxd4 28. Rxd4 Re2 29.
Qf3 Rxb2 30. g5 Ne4 31. Rxd5 Rxf2 32. Qxe4 Qh2# 0-1

[Event "*** Titled Tuesday Blitz"]
[Site "Chess.com"]
[Date "2020.04.28"]
[Round "3"]
[White "sergeikim"]
[Black "SameerMujumdar"]
[Result "1-0"]
[WhiteElo "2429"]
[BlackElo "2237"]
[TimeControl "180+1"]
[EndTime "10:28:36 PDT"]
[Termination "sergeikim won by resignation"]

1. d4 Nf6 2. c4 c5 3. d5 e6 4. Nc3 exd5 5. cxd5 d6 6. e4 g6 7. Nge2 Bg7 8. Ng3 O-O 9. Be2 Re8 10. O-O a6 11. a4 Nbd7 12. Bf4 Ne5 13. Qd2 Rb8 14.
Bh6 Bd7 15. Bxg7 Kxg7 16. h3 Bc8 17. f4 Ned7 18. Rae1 Qb6 19. Kh2 Qb4 20. Bd3 b5 21.
axb5 axb5 22. f5 h6 23. fxg6 fxg6 24. e5 Rxe5 25. Rf4 c4 26. Ref1 Bb7 27. Bxg6 Kxg6 28. Qc2+ Kg7 29. Nf5+ Rxf5 30. Qxf5 Qxb2 31. R1f3 Rg8 32.
Qe6 Re8 33. Rg3+ Kh8 34. Qf7 Rg8 35. Rxf6 1-0

[Event "*** Titled Tuesday Blitz"]
[Site "Chess.com"]
[Date "2020.04.28"]
[Round "3"]
[White "Jumbo"]
[Black "Andro2"]
[Result "1-0"]
[WhiteElo "2741"]
[BlackElo "2434"]
[TimeControl "180+1"]
[EndTime "10:28:37 PDT"]
[Termination "Jumbo won on time"]

1. d4 Nf6 2. Nf3 e6 3. Bf4 d5 4.
e3 Bd6 5. Bg3 O-O 6. c4 b6 7. Nc3 Bb7 8. Qc2 a6 9. Rd1 Qe7 10. a3 Nbd7 11. Bd3 dxc4 12. Bxc4 e5 13. O-O e4 14. Nd2 Bxg3 15. fxg3 c5 16. Rf4 cxd4 17. exd4 Rac8 18. Re1 e3 19. Bd3 Rfe8 20. Nf1 Qd6 21. Rxe3 Rxe3 22. Nxe3 g5 23. Nf5 Qf8 24. Rf1 h6 25. Qd2 Nd5 26. Ne4 N7f6 27. Ned6 Rc7 28.
h4 Rd7 29. Nxb7 Rxb7 30. hxg5 Ng4 31. gxh6 Rd7 32. Qg5+ 1-0

[Event "*** Titled Tuesday Blitz"]
[Site "Chess.com"]
[Date "2020.04.28"]
[Round "3"]
[White "hypert"]
[Black "Misticpikachu"]
[Result "1-0"]
[WhiteElo "2536"]
[BlackElo "2307"]
[TimeControl "180+1"]
[EndTime "10:28:37 PDT"]
[Termination "hypert won by resignation"]

1. e4 c5 2. Nf3 Nc6 3. Bb5 e6 4. O-O Nge7 5. Nc3 a6 6. Bxc6 Nxc6 7. d4 cxd4 8. Nxd4 Be7 9. Re1 O-O 10. Nxc6 bxc6 11. e5 f6 12. Bf4 fxe5 13. Bxe5 Bf6 14. Bd6 Be7 15. Ne4 Bxd6 16. Nxd6 Qb6 17. Re3 c5 18. Rf3 Rxf3 19. Qxf3 Qxd6 20. Qxa8 Qc7 21. c4 Kf7 22. Qf3+ Ke7 23. Qe3 Bb7 24. Rd1 Qc6 25. f3 d5 26. cxd5 Qa4 27. Qxe6+ Kf8 28. Re1 Qd4+ 29.
Kh1 Qxd5 1-0

[Event "*** Titled Tuesday Blitz"]
[Site "Chess.com"]
[Date "2020.04.28"]
[Round "3"]
[White "DrVitman"]
[Black "MaximDlugy"]
[Result "0-1"]
[WhiteElo "2564"]
[BlackElo "2905"]
[TimeControl "180+1"]
[EndTime "10:28:38 PDT"]
[Termination "MaximDlugy won on time"]

1. e4 d5 2. exd5 Qxd5 3. Nc3 Qd6 4. d4 c6 5. h3 Nf6 6. Nf3 Bf5 7. Be3 e6 8. Bd3 Bxd3 9. Qxd3 Nbd7 10. Ne2 Nd5 11.
c3 Nxe3 12. fxe3 Be7 13. O-O O-O 14. Rad1 Rad8 15. e4 e5 16. Qe3 Qe6 17. Ng3 g6 18. b3 Rfe8 19. d5 cxd5 20. exd5 Qb6 21. Qxb6 Nxb6 22.
c4 f5 23. Rfe1 Bd6 24. Ng5 e4 25. Ne2 Nd7 26. Ne6 Rc8 27. N2d4 Nc5 28. Nxc5 Bxc5 29. Kh1 Kf7 30. Ne6 Bd6 31. Rb1 a5 32. Rbc1 b6 33.
Nd4 Kf6 34. Nc6 f4 35. a3 Bxa3 36. Rf1 Bxc1 37. Rxc1 Rxc6 38. dxc6 Rc8 39. Rf1 Ke5 0-1

[Event "*** Titled Tuesday Blitz"]
[Site "Chess.com"]
[Date "2020.04.28"]
[Round "3"]
[White "DanielRensch"]
[Black "GM4life"]
[Result "1-0"]
[WhiteElo "2495"]
[BlackElo "2178"]
[TimeControl "180+1"]
[EndTime "10:28:38 PDT"]
[Termination "DanielRensch won on time"]

1. e4 c5 2. Nf3 d6 3. d4 cxd4 4.
Nxd4 Nf6 5. Nc3 a6 6. Be3 e5 7. Nb3 Be7 8. f3 Be6 9. Qd2 O-O 10. O-O-O Nbd7 11. g4 b5 12. g5 b4 13. Nd5 Nxd5 14. exd5 Bf5 15. Rg1 a5 16. Bd3 Bxd3 17. Qxd3 a4 18. Nd2 Ra5 19. Ne4 Qc7 20. Kb1 Rb8 21. h4 b3 22. cxb3 axb3 23. a3 Qb7 24. Rd2 Qa8 25. Rc1 g6 26. Rc6 Rbb5 27. Nc3 Rb7 28.
Qc4 Bf8 29. Rd3 Nc5 30. Bxc5 dxc5 31. Ne4 Rb4 32. Qc3 c4 33. Rxc4 Rxc4 34. Qxc4 Bxa3 35. Qc6 Qa7 36. Rxb3 Qg1+ 37. Qc1 1-0

[Event "*** Titled Tuesday Blitz"]
[Site "Chess.com"]
[Date "2020.04.28"]
[Round "3"]
[White "Boudicca64"]
[Black "shav3184"]
[Result "0-1"]
[WhiteElo "1899"]
[BlackElo "2279"]
[TimeControl "180+1"]
[EndTime "10:28:38 PDT"]
[Termination "shav3184 won by resignation"]

1. d4 d5 2. c4 c6 3. Nf3 Nf6 4. Nc3 e6 5. Bg5 h6 6. Bxf6 Qxf6 7. e3 Nd7 8. Qc2 g6 9. O-O-O Bg7 10. Kb1 dxc4 11.
Bxc4 Nb6 12. Ne4 Qe7 13. Bd3 Bd7 14. h4 O-O-O 15. Rc1 Kb8 16. Qb3 Be8 17. Nc5 Ka8 18. Rhd1 Nd5 19. g3 g5 20. hxg5 hxg5 21. Rh1 Rxh1 22.
Rxh1 g4 23. Nd2 e5 24. Rh7 exd4 25. Qb6 axb6 0-1

[Event "*** Titled Tuesday Blitz"]
[Site "Chess.com"]
[Date "2020.04.28"]
[Round "3"]
[White "Barcelona_Guy"]
[Black "AlphalphaZero"]
[Result "1-0"]
[WhiteElo "2711"]
[BlackElo "2486"]
[TimeControl "180+1"]
[EndTime "10:28:39 PDT"]
[Termination "Barcelona_Guy won on time"]

1. e4 e6 2. d4 d5 3. Nd2 c5 4. exd5 Qxd5 5. Ngf3 cxd4 6. Bc4 Qd6 7. O-O Nf6 8. Nb3 Nc6 9. Nbxd4 Nxd4 10. Nxd4 Bd7 11.
Re1 Qc7 12. Bb3 Bd6 13. h3 O-O-O 14. Qf3 h5 15. Bg5 Be5 16. Rad1 Qc5 17. Be3 Qc7 18. c4 Rhg8 19. Bg5 Bxd4 20. Rxd4 Bc6 21. Rxd8+ Rxd8 22. Qe3 Qa5 23. Bf4 g5 24. Bxg5 Rg8 25. Bxf6 Rxg2+ 26. Kf1 Qf5 27. Qd4 Rxf2+ 28. Qxf2 Qxh3+ 29. Ke2 Be4 30. Qc5+ 1-0

[Event "*** Titled Tuesday Blitz"]
[Site "Chess.com"]
[Date "2020.04.28"]
[Round "3"]
[White "Paralinch"]
[Black "vaishali2001"]
[Result "0-1"]
[WhiteElo "2899"]
[BlackElo "2484"]
[TimeControl "180+1"]
[EndTime "10:28:39 PDT"]
[Termination "vaishali2001 won by resignation"]

1. e4 e5 2. Nf3 Nc6 3. d4 exd4 4. Nxd4 Nf6 5. Nc3 Bc5 6. Be3 Bb6 7. Qd2 O-O 8. O-O-O Re8 9. f3 d5 10. Bb5 Bxd4 11. Bxd4 dxe4 12. Bxf6 Qxf6 13. Nxe4 Qg6 14. h4 Bf5 15. h5 Qe6 16. Nc3 Rad8 17. Qf4 h6 18. g4 Bh7 19. Bc4 Qf6 20. Qxf6 gxf6 21. Nd5 Kg7 22. Nxc7 Rxd1+ 23. Rxd1 Re3 24. Rd7 Ne5 25.
Ne6+ Kh8 26. Rd8+ Bg8 27. Bb3 fxe6 28. Bxe6 Re1+ 29. Kd2 Nxf3+ 30. Kc3 Rxe6 31. Rb8 Rc6+ 32. Kd3 Ne5+ 33. Ke4 Rc7 34. Kf5 Kg7 0-1

[Event "*** Titled Tuesday Blitz"]
[Site "Chess.com"]
[Date "2020.04.28"]
[Round "3"]
[White "Nara_Kh"]
[Black "Tapuah"]
[Result "0-1"]
[WhiteElo "2456"]
[BlackElo "2836"]
[TimeControl "180+1"]
[EndTime "10:28:39 PDT"]
[Termination "Tapuah won by resignation"]

1. e4 c5 2. Nf3 e6 3. d4 cxd4 4.
Nxd4 a6 5. Bd3 Bc5 6. Nb3 Be7 7. Qg4 g6 8. Qe2 Qc7 9. c4 d6 10. Nc3 Nc6 11. O-O b6 12. Be3 Nf6 13. f4 O-O 14. Kh1 Bb7 15. Rad1 Rac8 16. Bb1 Nb8 17. Nd2 Nbd7 18.
Nf3 Qxc4 19. Qxc4 Rxc4 20. e5 dxe5 21. fxe5 Nd5 22. Bh6 Rd8 23. Ne4 Nc5 24. Nxc5 Rxc5 25. Ng5 Ne3 26. Rxd8+ Bxd8 27. Rg1 Bxg5 28. Bxg5 Nxg2 29.
Rxg2 Rxe5 30. Bd2 Bxg2+ 0-1

[Event "*** Titled Tuesday Blitz"]
[Site "Chess.com"]
[Date "2020.04.28"]
[Round "3"]
[White "Moon_stone123"]
[Black "andy_rekt"]
[Result "1-0"]
[WhiteElo "2504"]
[BlackElo "2213"]
[TimeControl "180+1"]
[EndTime "10:28:39 PDT"]
[Termination "Moon_stone123 won on time"]

1. e4 c5 2. Ne2 Nc6 3. Nbc3 e5 4. Nd5 g6 5. Nec3 Bg7 6. Bc4 Nge7 7. O-O O-O 8. d3 d6 9. Bg5 h6 10. Bh4 g5 11.
Bg3 Ng6 12. a3 Be6 13. Rb1 a6 14. b4 b5 15. Ba2 cxb4 16. axb4 Nd4 17. Ne2 Nxe2+ 18. Qxe2 a5 19. bxa5 Rxa5 20. Bb3 Kh8 21. Ra1 f5 22. exf5 Bxf5 23. Ne3 Bd7 24. Bd5 Rxa1 25.
Rxa1 Nf4 26. Qd2 Nxd5 27. Nxd5 Be6 28. Ne3 h5 29. h3 h4 30. Bh2 Qf6 31. Ra6 Qe7 32.
Qb4 Qf7 33. Qd2 Qe7 34. Rb6 Bd7 35. Nd5 Qe6 36. Nc3 e4 37. Nxe4 1-0

[Event "*** Titled Tuesday Blitz"]
[Site "Chess.com"]
[Date "2020.04.28"]
[Round "3"]
[White "ElGasanov"]
[Black "Zhani-Z"]
[Result "1-0"]
[WhiteElo "2729"]
[BlackElo "2497"]
[TimeControl "180+1"]
[EndTime "10:28:40 PDT"]
[Termination "ElGasanov won on time"]

1. Nf3 Nf6 2. d4 e6 3. c4 Bb4+ 4. Nc3 c5 5. g3 Nc6 6. Bg2 Ne4 7. Bd2 Bxc3 8. Bxc3 Nxc3 9. bxc3 d6 10. O-O O-O 11.
Qd3 e5 12. Rfd1 Qf6 13. dxc5 dxc5 14. Nd2 Bf5 15. Ne4 Qg6 16. Qd5 Rad8 17. Nd6 Be6 18. Qxc5 Rd7 19. Nxb7 Rxb7 20. Qxc6 Rbb8 21. c5 Rfc8 22. Qd6 h6 23. c6 e4 24. c7 Rb7 25.
Qd8+ Kh7 26. Rd4 f5 27. Rc4 1-0

[Event "*** Titled Tuesday Blitz"]
[Site "Chess.com"]
[Date "2020.04.28"]
[Round "3"]
[White "kakakz"]
[Black "NIGWAPO"]
[Result "0-1"]
[WhiteElo "2394"]
[BlackElo "2599"]
[TimeControl "180+1"]
[EndTime "10:28:40 PDT"]
[Termination "NIGWAPO won on time"]

1. d4 Nf6 2. c4 e6 3. Nf3 b6 4. a3 Ba6 5. e3 c5 6. Nc3 cxd4 7. Nxd4 Be7 8. Be2 Bb7 9. O-O d6 10. b4 Nbd7 11. Bb2 a6 12. f3 O-O 13. e4 Qc7 14. Rc1 Ne5 15. Na4 Rfd8 16. Nb3 Rac8 17. Qd4 Ned7 18. Rfd1 Ne8 19. Qe3 Bf6 20. Bxf6 Nexf6 21.
c5 dxc5 22. bxc5 b5 23. Nb6 Nxb6 24. cxb6 Rxd1+ 25. Bxd1 Qd8 26. Rxc8 Qxc8 27. Qc5 Nd7 28. Qc7 Qxc7 29. bxc7 Kf8 30. Na5 Bc8 31. a4 Nb6 32. axb5 axb5 33. Be2 b4 34. Bb5 Ke7 35. Nc6+ Kd6 36.
Nxb4 Kc5 37. Nd3+ Kxb5 38. Ne5 f6 39. Ng4 Kc6 40. h4 h5 41. Ne3 Kxc7 42. Kf2 Kd6 43. Kg3 Ba6 44. Kf4 Nc4 45. Nc2 e5+ 46. Kf5 Ke7 47. Kg6 Kf8 48. Kxh5 Bc8 49. g3 Kg8 50. f4 Kh7 51. f5 Bb7 0-1

[Event "*** Titled Tuesday Blitz"]
[Site "Chess.com"]
[Date "2020.04.28"]
[Round "3"]
[White "gixfantastix"]
[Black "JakeCarlosBanawa"]
[Result "0-1"]
[WhiteElo "2079"]
[BlackElo "2321"]
[TimeControl "180+1"]
[EndTime "10:28:40 PDT"]
[Termination "JakeCarlosBanawa won by checkmate"]

1. e4 c5 2. Nf3 d6 3. d4 cxd4 4.
Nxd4 Nf6 5. Nc3 a6 6. a3 e5 7. Nb3 Be7 8. Rg1 h5 9. h3 Be6 10. Be3 Nbd7 11. Qd2 b5 12. O-O-O Nb6 13. Na5 Qc7 14.
f3 Nc4 15. Bxc4 bxc4 16. Nd5 Nxd5 17. exd5 Bd7 18. Qe1 f5 19. Bd2 Bf6 20. Bc3 O-O 21.
g4 fxg4 22. hxg4 hxg4 23. fxg4 Bg5+ 24. Kb1 Rf3 25. Qe4 Rxc3 26. bxc3 Rb8+ 27. Nb3 cxb3 28.
cxb3 Qxc3 29. Rd3 Rxb3+ 30. Ka2 Rxa3+ 31. Kb1 Ra1# 0-1

[Event "*** Titled Tuesday Blitz"]
[Site "Chess.com"]
[Date "2020.04.28"]
[Round "3"]
[White "Milchone1"]
[Black "Chuchofrio1"]
[Result "1/2-1/2"]
[WhiteElo "2496"]
[BlackElo "2224"]
[TimeControl "180+1"]
[EndTime "10:28:41 PDT"]
[Termination "Game drawn by repetition"]

1. Nf3 f5 2. c4 Nf6 3. d4 d6 4. g3 g6 5. Bg2 Bg7 6. b4 O-O 7.
Bb2 Qe8 8. Qb3 Kh8 9. Nbd2 Bd7 10. O-O Nc6 11. b5 Nd8 12. a4 Rb8 13. a5 Nf7 14.
e3 e5 15. dxe5 Nxe5 16. Nxe5 dxe5 17. Nf3 Ne4 18. Rfd1 Qe7 19. Nxe5 Bxe5 20. Rxd7 Qxd7 21. Bxe5+ Kg8 22. Rd1 Qe6 23. Bxc7 Rbc8 24. b6 axb6 25. axb6 Rf7 26. Rd4 Rd7 27. Qb5 Rxd4 28. exd4 Nc3 29.
Bd5 Nxd5 30. cxd5 Qe1+ 31. Kg2 Qe4+ 32. Kf1 Qh1+ 33. Ke2 Qe4+ 34. Kf1 Qh1+ 35. Ke2 Qe4+ 36. Kd2 Qxd4+ 37. Ke1 Qe4+ 38. Kd1 Qd4+ 39. Kc1 Qc3+ 40. Kb1 Qe1+ 41. Kb2 Qxf2+ 42. Kb3 Qe3+ 43. Kb4 Qd4+ 44. Kb3 Qe3+ 45. Kb4 Qd4+ 46. Kb3 Qe3+ 1/2-1/2

[Event "*** Titled Tuesday Blitz"]
[Site "Chess.com"]
[Date "2020.04.28"]
[Round "3"]
[White "CarlosAlbornoz"]
[Black "jonaszmb"]
[Result "1-0"]
[WhiteElo "2749"]
[BlackElo "2436"]
[TimeControl "180+1"]
[EndTime "10:28:42 PDT"]
[Termination "CarlosAlbornoz won by resignation"]

1. e4 c5 2. Nf3 Nc6 3. d4 cxd4 4.
Nxd4 e5 5. Nb5 a6 6. Nd6+ Bxd6 7. Qxd6 Qf6 8. Qd1 Qg6 9. Nc3 d5 10. Nxd5 Qxe4+ 11. Ne3 Nf6 12. Bd3 Qh4 13. O-O O-O 14.
c3 Rd8 15. Qc2 e4 16. Be2 Ne5 17. Nc4 Nd3 18. Nb6 Rb8 19. Nxc8 Rbxc8 20. f3 exf3 21. Bxf3 Ng4 22. h3 Nge5 23. Be3 Nc4 24. Bf2 Nxf2 25.
Qxf2 Qxf2+ 26. Rxf2 b5 27. Bb7 Rb8 28. Bf3 f6 29. Re1 Re8 30. Bd5+ Kf8 31. Rxe8+ Rxe8 32. Bxc4 bxc4 33. Rd2 Re1+ 34. Kf2 Rb1 35. Ke3 Ra1 36. a3 Rf1 37. Kd4 Rf4+ 38. Kc5 Ke7 39. Kb6 Ke6 40.
Kxa6 Ke5 41. a4 Ke4 42. Rd4+ 1-0

[Event "*** Titled Tuesday Blitz"]
[Site "Chess.com"]
[Date "2020.04.28"]
[Round "3"]
[White "ENEASZ"]
[Black "ParvizGasimov"]
[Result "1-0"]
[WhiteElo "2558"]
[BlackElo "2347"]
[TimeControl "180+1"]
[EndTime "10:28:44 PDT"]
[Termination "ENEASZ won on time"]

1. e4 e6 2. d4 d5 3. Bd3 dxe4 4. Bxe4 Nf6 5. Bf3 Nbd7 6. Ne2 Bd6 7. O-O O-O 8. Ng3 c5 9. Nc3 cxd4 10. Qxd4 Ne5 11. Be2 Nc6 12. Qh4 Be7 13. a3 Nd5 14. Qc4 Nxc3 15. Qxc3 Bf6 16. Qd3 Nd4 17. Ne4 Nxe2+ 18. Qxe2 Be7 19. Bf4 Qb6 20. c4 Bd7 21. Rad1 Bc6 22. c5 Bxc5 23. Nxc5 Qxc5 24. Qg4 Rfd8 25. Bg5 Rd5 26. Bf6 Qf8 27. Rxd5 Bxd5 28. Rc1 Kh8 29.
Bd4 f6 30. h4 Rc8 31. Rxc8 Qxc8 32. h5 Qc1+ 33. Kh2 e5 34. Be3 Qc6 35. h6 g6 36. Qb4 Kg8 37. Qe7 Bf7 38. Bc5 Qe8 39. Qxf6 1-0

[Event "*** Titled Tuesday Blitz"]
[Site "Chess.com"]
[Date "2020.04.28"]
[Round "3"]
[White "PowerThinking2650"]
[Black "Kavyev_Ruslan"]
[Result "1-0"]
[WhiteElo "2245"]
[BlackElo "2491"]
[TimeControl "180+1"]
[EndTime "10:28:44 PDT"]
[Termination "PowerThinking2650 won by resignation"]

1. e4 c5 2. Nf3 d6 3. d4 cxd4 4. Nxd4 Nf6 5. Nc3 a6 6. Be3 e5 7. Nb3 Be6 8. f3 h5 9. Qd2 Nbd7 10. Nd5 Bxd5 11. exd5 g6 12. c4 Bg7 13. Na5 Qc7 14.
b4 O-O 15. Be2 e4 16. Rc1 exf3 17. gxf3 Rfe8 18. O-O Kh7 19. Bf4 Ne5 20. c5 dxc5 21. d6 Qd7 22. bxc5 Rac8 23. Kg2 Nc6 24. Nc4 Qf5 25. Nb6 Rcd8 26. Bd3 Ne4 27. fxe4 Qg4+ 28. Bg3 Nd4 29. Rxf7 h4 30. Nd5 Re6 31. Rf4 h3+ 32. Kh1 Nf3 33. Qe3 Qg5 34. Qxf3 Kg8 35. Rf1 b5 36. cxb6 Be5 37. Rg4 Qh6 38. Ne7+ Kh8 39. Bxe5+ Rxe5 40. Qf6+ 1-0

[Event "*** Titled Tuesday Blitz"]
[Site "Chess.com"]
[Date "2020.04.28"]
[Round "3"]
[White "Bacyanide"]
[Black "DonPreuss"]
[Result "1-0"]
[WhiteElo "2402"]
[BlackElo "2186"]
[TimeControl "180+1"]
[EndTime "10:28:44 PDT"]
[Termination "Bacyanide won on time"]

1. d4 Nc6 2. Nf3 d6 3. e4 e5 4. d5 Nb8 5. c4 f5 6. Nc3 Nf6 7. Ng5 Be7 8. Be2 O-O 9. exf5 Bxf5 10. O-O h6 11. Ne6 Bxe6 12. dxe6 c6 13. Qb3 Qc8 14.
Be3 b6 15. Rad1 Qxe6 16. Rd2 Nbd7 17. Qa4 Rfc8 18. b4 d5 19. cxd5 cxd5 20. Nxd5 Nxd5 21. Rxd5 Qxd5 22. Rd1 b5 23. Bxb5 Qe4 24. Bxd7 Rc2 25.
Be6+ Kh8 26. Bd5 Qf5 27. Bxa8 Bf6 28. Qe8+ Kh7 29. f3 Rxa2 30. Be4 1-0

[Event "*** Titled Tuesday Blitz"]
[Site "Chess.com"]
[Date "2020.04.28"]
[Round "3"]
[White "JiaHaoxiang"]
[Black "viditchess"]
[Result "1/2-1/2"]
[WhiteElo "2586"]
[BlackElo "2900"]
[TimeControl "180+1"]
[EndTime "10:28:45 PDT"]
[Termination "Game drawn by repetition"]

1. Nf3 d5 2. g3 c5 3. Bg2 Nf6 4. O-O g6 5. d3 Bg7 6. Nbd2 O-O 7. e4 Nc6 8. c3 d4 9. Qe2 e5 10. a4 Be6 11. Ng5 Bg4 12. f3 Bd7 13. Nc4 h6 14. Nh3 Be6 15. Nf2 Ne8 16. Rd1 Nd6 17.
Nxd6 Qxd6 18. f4 exf4 19. gxf4 dxc3 20. e5 cxb2 21. Bxb2 Nd4 22. Qe4 Qd7 23. Bxd4 cxd4 24. Qxb7 Qxb7 25. Bxb7 Rab8 26. Rab1 g5 27. fxg5 hxg5 28.
Ne4 Bxe5 29. Nxg5 Bd7 30. Bd5 Bxa4 31. Rxb8 Bxd1 32. Rb7 Bh5 33. Rxa7 Bg6 34. Be4 Bf4 35. Bxg6 Bxg5 36. Be4 Re8 37. Bd5 Re7 38. Rxe7 Bxe7 39. Kg2 Kg7 40. h3 f5 41. Kf3 Bg5 42. Be6 Kf6 43.
Bc8 Ke5 44. Bb7 Bh4 45. Bc8 Kf6 46. Bb7 Ke5 47. Bc8 Kf6 48. Bb7 Ke5 1/2-1/2